 Dungeon Crawl Stone Soup version 0.28-a0-932-g843f935a50 (webtiles) character file.

Game seed: 10503027326199646024

619 enile the Sneak (level 7, -5/64 HPs)
             Began as a Kobold Brigand on Nov 28, 2021.
             Was a Believer of Kikubaaqudgha.
             Slain by a phantom (6 damage)
             ... on level 4 of the Dungeon.
             The game lasted 00:11:59 (4230 turns).

enile the Sneak (Kobold Brigand)                    Turns: 4230, Time: 00:12:00

Health: -5/64      AC:  4    Str:  9    XL:     7   Next: 74%
Magic:  10/10      EV: 15    Int: 12    God:    Kikubaaqudgha [**....]
Gold:   121        SH:  0    Dex: 18    Spells: 8/10 levels left

rFire   . . .      SeeInvis .   a - +2 dagger
rCold   . . .      Faith    .   (shield restricted)
rNeg    . . .      Spirit   .   b - +0 robe
rPois   .          Reflect  .   (no helmet)
rElec   .          Harm     .   c - +1 cloak
rCorr   .          Rampage  .   (no gloves)
Will    .....                   (no boots)
Stlth   ..........              (no amulet)
HPRegen 0.20/turn               (no ring)
MPRegen 0.12/turn               (no ring)

@: brilliant, berserking (expiring), very quick
A: small, no large weapons, nightstalker 3
a: Renounce Religion, Receive Corpses


You were on level 4 of the Dungeon.
You worshipped Kikubaaqudgha.
Kikubaaqudgha was pleased with you.
You visited 1 branch of the dungeon, and saw 4 of its levels.

You collected 121 gold pieces.

Inventory:

Hand Weapons
 a - a +2 dagger (weapon)
 h - a +0 dagger
Missiles
 d - 5 poisoned darts
 g - 4 atropa-tipped darts
Armour
 b - a +0 robe (worn)
 c - a +1 cloak (worn)
Wands
 l - a wand of flame (5)
 m - a wand of polymorph (4)
Scrolls
 i - a scroll of identify {unknown}
 k - a scroll of vulnerability {unknown}
 n - 2 scrolls of amnesia {unknown}
Potions
 f - 2 potions of attraction {unknown}
 p - 2 potions of curing {unknown}


   Skills:
 - Level 4.0 Fighting
 - Level 5.0 Short Blades
 - Level 3.0 Throwing
 - Level 3.0 Dodging
 - Level 6.0 Stealth
 - Level 2.0 Spellcasting
 + Level 3.6 Necromancy
 - Level 3.0 Evocations


You had 8 spell levels left.
You knew the following spells:

 Your Spells              Type           Power      Damage    Failure   Level
a - Animate Skeleton      Necr           28%        N/A       6%          1
b - Pain                  Necr           56%        1d6       6%          1

Your spell library contained the following spells:

 Spells                   Type           Power      Damage    Failure   Level
 Sublimation of Blood     Necr           14%        N/A       10%         2
 Vampiric Draining        Necr           14%        2d7       19%         3


Dungeon Overview and Level Annotations

Branches:
Dungeon (4/15)
 Temple: D:4-7

Altars:
Kikubaaqudgha
Ru


Innate Abilities, Weirdness & Mutations

You are small and have problems with some larger weapons.
You are completely attuned to the shadows.


Message History

The phantom barely misses you.
Casting: Pain (safe; 6% risk of failure)
Confirm with . or Enter, or press ? or * to list all spells.
Okay, then.
It was a potion of berserk rage.
A red film seems to cover your vision as you go berserk!
You feel yourself moving faster!
You feel mighty!
The centaur skeleton closely misses you.
The centaur skeleton completely misses you.
The phantom hits you!
* * * LOW HITPOINT WARNING * * *
You hit the centaur skeleton.
The centaur skeleton is heavily damaged.
The centaur skeleton barely misses you.
The centaur skeleton kicks you but does no damage.
Unknown command.
You puncture the centaur skeleton!
The centaur skeleton is almost destroyed.
The phantom misses you.
You hit the centaur skeleton.
The centaur skeleton is almost destroyed.
The centaur skeleton misses you. The centaur skeleton kicks you.
* * * LOW HITPOINT WARNING * * *
The phantom hits you.
* * * LOW HITPOINT WARNING * * *
The phantom blinks!
You blink.
You closely miss the phantom.
The phantom is moderately damaged.
You puncture the phantom!
The phantom is severely damaged.
The phantom hits you.
* * * LOW HITPOINT WARNING * * *
You hit the phantom.
The phantom is almost destroyed.
You puncture the centaur skeleton!
You destroy the centaur skeleton!
Kikubaaqudgha accepts your kill. The phantom hits you.
You die...
Kikubaaqudgha rasps: "You have failed me!
Welcome... death!"

### #.##
#..####
#.ยง.#.#
###...##
.#..@..#
#...W.$##
##....#..
#.......
###.#..#
##.#..#
###.....#
#####
##.......#
....##
##........#


You could see a phantom.

Vanquished Creatures
  Sigmund (D:3)
  A water moccasin (D:3)
  A howler monkey (D:3)
  A hound (D:4)
  A centaur skeleton (D:4)
  Robin (D:3)
  2 adders
  2 worms
  A dart slug (D:2)
  4 ball pythons
  6 bats
  6 endoplasms
  3 giant cockroaches
  10 hobgoblins
  5 jackals
  5 kobolds
  2 quokkas
  2 frilled lizards
  8 goblins
  4 rats
66 creatures vanquished.

Vanquished Creatures (collateral kills)
  Grinder (D:3)
1 creature vanquished.

Vanquished Creatures (others)
  4 plants (D:1)
4 creatures vanquished.

Grand Total: 71 creatures vanquished

Notes
Turn   | Place    | Note
-------+----------+-------------------------------------------
     0 | D:1      | enile the Kobold Brigand began the quest for the Orb.
     0 | D:1      | Reached XP level 1. HP: 12/12 MP: 1/1
   284 | D:1      | Reached XP level 2. HP: 18/18 MP: 2/2
   514 | D:1      | Found a faded altar of an unknown god.
   519 | D:1      | Reached XP level 3. HP: 23/23 MP: 3/3
   526 | D:1      | Prayed at the altar of an unknown god.
   526 | D:1      | Became a worshipper of Kikubaaqudgha
   526 | D:1      | Reached * piety under Kikubaaqudgha
   526 | D:1      | Received a gift from Kikubaaqudgha
   530 | D:1      | Learned a level 1 spell: Animate Skeleton
   720 | D:1      | Reached skill level 6 in Stealth
  1385 | D:2      | Reached skill level 1 in Necromancy
  1387 | D:2      | Learned a level 1 spell: Pain
  1654 | D:2      | Reached skill level 1 in Spellcasting
  1654 | D:2      | Reached XP level 4. HP: 28/28 MP: 3/5
  2009 | D:2      | Found a sacrificial altar of Ru.
  2482 | D:3      | Noticed Sigmund
  2487 | D:3      | Killed Sigmund
  2488 | D:3      | Reached XP level 5. HP: 32/32 MP: 5/8
  2488 | D:3      | Reached XP level 6. HP: 37/37 MP: 5/9
  2628 | D:3      | Noticed Robin
  2897 | D:3      | Killed Robin
  2915 | D:3      | Reached ** piety under Kikubaaqudgha
  3114 | D:3      | Noticed Grinder
  3251 | D:3      | Paralysed by Grinder for 7 turns
  3263 | D:3      | Killed Grinder
  3264 | D:3      | Reached XP level 7. HP: 31/43 MP: 10/10
  3655 | D:3      | Noticed a water moccasin
  3659 | D:3      | Killed a water moccasin
  3660 | D:3      | Reached skill level 5 in Short Blades
  4226 | D:4      | HP: 2/64 [phantom (6)]
  4230 | D:4      | Slain by a phantom

Illustrated notes

Levels and vault maps discovered:
D:1:      psy_arrival_wood_between_worlds, layout_rooms,
          chequers_ecumenical_altar_simple_redux, serial_park_tiny_1
D:2:      layout_loops_corners, basic_altar
D:3:      layout_rooms, uniq_robin, uniq_grinder, uniq_sigmund
D:4:      cheibrodos_greedy_goblins, layout_cave_pools,
          minmay_temple_entry_drinking_statues, chequers_ossuary_entry_cave,
          hangedman_abyss_or_decor_stagger, hangedman_feature_mirror,
          goddamned_bats, uniq_edmund

Skill      XL: |  1  2  3  4  5  6  7 |
---------------+----------------------+-----
Fighting       | 3 4 |  4.0
Short Blades   | 3 4 5 |  5.0
Stealth        | 6 |  6.0
Necromancy     | 1 2 3 |  3.6
Spellcasting   | 1 2 |  2.0
Throwing       | 3 |  3.0
Dodging        | 3 |  3.0
Evocations     | 3 |  3.0

Action                   |  1- 3 |  4- 6 |  7- 9 || total
-------------------------+-------+-------+-------++-------
Melee: Dagger            |   100 |    58 |    74 ||   232
Throw: Dart              |    16 |     9 |       ||    25
 Cast: Pain              |     2 |    26 |     2 ||    30
       Animate Skeleton  |     1 |     1 |       ||     2
Invok: Receive Corpses   |       |     1 |       ||     1
Evoke: Wand              |       |    12 |       ||    12
  Use: Potion            |       |       |     2 ||     2
       Scroll            |       |       |     1 ||     1
 Stab: Sleeping          |    13 |     2 |     3 ||    18
       Distracted        |       |     1 |     1 ||     2
Armor: Robe              |    14 |     9 |    26 ||    49
Dodge: Dodged            |    48 |    40 |    60 ||   148

Table legend: (Time is in decaauts)
 A = Elapsed time spent in this place.
 B = Non-inter-level travel time spent in this place.
 C = Inter-level travel time spent in this place.
 D = Time resting spent in this place.
 E = Time spent auto-exploring this place.
 F = Levels seen in this place.
 G = Mean time per level.
                   A        B        C        D        E       F      G
               +--------+--------+--------+--------+--------+-----+--------+
         Total |   4183 |   4084 |     99 |    426 |   2997 |   4 | 1045.8 |
       Dungeon |   4183 |   4084 |     99 |    426 |   2997 |   4 | 1045.8 |
               +--------+--------+--------+--------+--------+-----+--------+

Top non-repeatable levels by time:
     D:2: 1763 daAuts
     D:3: 1081 daAuts
     D:1: 941 daAuts
     D:4: 396 daAuts
